 Dungeon Crawl Stone Soup version 0.30-a0-715-gdb4ae3ece1 (webtiles) character file.

Game seed: 7526590549025560754

32 Newt the Trooper (level 3, -5/28 HPs)
             Began as a Demonspawn Gladiator on Jan 24, 2023.
             Slain by Sigmund
             ... wielding a +0 scythe of venom
              (7 damage)
             ... on level 2 of the Dungeon.
             The game lasted 00:01:06 (883 turns).

Newt the Trooper (Demonspawn Gladiator)              Turns: 883, Time: 00:01:06

Health: -5/28      AC:  4    Str: 16    XL:     3   Next: 10%
Magic:  3/3        EV: 12    Int:  9    God:
Gold:   31         SH:  0    Dex: 14    Spells: 2/2 levels left

rFire   . . .      SeeInvis .    g - +1 hand axe (heavy)
rCold   . . .      Faith    .    (no shield)
rNeg    . . .      Spirit   .    b - +0 leather armour
rPois   .          Reflect  +    c - +0 helmet
rElec   .          Harm     .    (no cloak)
rCorr   .          Rampage  .    (no gloves)
Will    .....                    (no boots)
Stlth   +                        k - amulet of reflection
HPRegen 0.24/turn                (no ring)
MPRegen 0.08/turn                (no ring)

@: confused, lethally poisoned (-5 -> -20)
A: hooves 1
a: no special abilities


You were on level 2 of the Dungeon.
You visited 1 branch of the dungeon, and saw 2 of its levels.

You collected 31 gold pieces.

Inventory:

Hand Weapons
 a - a +0 rapier
 g - a +1 heavy hand axe (weapon)
Missiles
 d - a throwing net (quivered)
 e - a javelin
Armour
 b - a +0 leather armour (worn)
 c - a +0 helmet (worn)
Jewellery
 k - an amulet of reflection (around neck)
Potions
 f - 2 potions of degeneration


   Skills:
 + Level 2.8 Fighting
 - Level 2.6 Short Blades
 - Level 1.7 Throwing
 - Level 2.6 Dodging
 - Level 2.0 Stealth


You had 2 spell levels left.
You didn't know any spells.
Your spell library was empty.

Dungeon Overview and Level Annotations

Branches:
Dungeon (2/15)

Altars:

Annotations:
D:2 Sigmund


Innate Abilities, Weirdness & Mutations

You have large cloven feet.


Message History

You are confused.
Non-targeted confused throw: 2 throwing nets
Press: ? - help, Q - select action, (/) - cycle Dir - look around, f - activate You throw a throwing net.
Sigmund casts a spell at you.
You are more confused.
Sigmund attacks as you move away! Sigmund closely misses you.
Found a whip.
You bump into the rock wall.
Sigmund barely misses you.
A frilled lizard comes into view.
The frilled lizard hisses angrily.
Sigmund points at you and mumbles some strange words.
The magic dart hits you. Sigmund casts a spell at you.
You are more confused.
You're too confused to move!
Found a ring mail.
The frilled lizard barely misses you.
You closely miss the frilled lizard. Your kick misses the frilled lizard.
Sigmund gestures at you while chanting.
You are more confused.
The frilled lizard barely misses you. The frilled lizard closely misses you.
The frilled lizard bites you but does no damage.
Sigmund casts a spell.
Sigmund flickers and vanishes!
Deactivating autopickup; reactivate with Ctrl-A.
Something hits you. The frilled lizard barely misses you.
You slash the frilled lizard!
You kill the frilled lizard!
Something hits you.
You are lethally poisoned!
* * * LOW HITPOINT WARNING * * *
You feel very sick.
You bump into the rock wall.
* * * LOW HITPOINT WARNING * * *
You feel sick. Something hits you but does no damage.
You are more poisoned.
You're too confused to move!
* * * LOW HITPOINT WARNING * * *
You feel very sick. Something hits you!
You die...

#.......# ####..#
#.#.....###.....##
#.#.........##........
#.###.................
##.###.....####........
#.†(...................
#.†....................
#(##.{............#####
#. #.#.@###.####.## ..
#>#..# ... ... #.#..#
... .... #...........
..... #...........
###......).........
..##........... .
#...........
#......[....


There were no monsters in sight!

Vanquished Creatures
  A dart slug (D:1)
  A ball python (D:1)
  5 endoplasms
  6 giant cockroaches
  2 goblins (D:1)
  3 hobgoblins
  A quokka (D:1)
  A bat (D:1)
  3 frilled lizards
  2 kobolds (D:1)
  A rat (D:2)
26 creatures vanquished.

Notes
Turn   | Place    | Note
-------+----------+-------------------------------------------
     0 | D:1      | Newt the Demonspawn Gladiator began the quest for the Orb.
     0 | D:1      | Reached XP level 1. HP: 16/16 MP: 1/1
    24 | D:1      | Reached skill level 1 in Stealth
   178 | D:1      | Gained mutation: You have large cloven feet. [demonic
                  | ancestry]
   178 | D:1      | Reached XP level 2. HP: 22/22 MP: 2/2
   786 | D:2      | Reached XP level 3. HP: 28/28 MP: 3/3
   858 | D:2      | Noticed Sigmund
   883 | D:2      | Slain by Sigmund

Illustrated notes

Levels and vault maps discovered:
D:1:      minmay_arrival_solitary_statue, layout_loops_cross
D:2:      layout_basic, basic_altar, ebering_ecumenical_altar_abandoned,
          uniq_sigmund, uniq_crazy_yiuf_cottage

Skill      XL: |  1  2 |
---------------+-------+-----
Stealth        | 1 2 |  2.0
Fighting       | |  2.8
Short Blades   | |  2.6
Throwing       | |  1.7
Dodging        | |  2.6

Action                     || total
---------------------------++-------
  Melee: Rapier            ||    15
         Hand axe          ||    45
         Kick              ||    14
  Throw: Throwing net      ||     2
    Use: Scroll            ||     4
   Stab: Sleeping          ||     3
 Armour: Leather armour    ||    20
  Dodge: Dodged            ||    51
  Block: Other             ||     2

Table legend: (Time is in decaauts)
 A = Elapsed time spent in this place.
 B = Non-inter-level travel time spent in this place.
 C = Inter-level travel time spent in this place.
 D = Time resting spent in this place.
 E = Time spent auto-exploring this place.
 F = Levels seen in this place.
 G = Mean time per level.
                   A        B        C        D        E       F      G
               +--------+--------+--------+--------+--------+-----+--------+
         Total |    924 |    906 |     18 |      0 |    686 |   2 |  462.0 |
       Dungeon |    924 |    906 |     18 |      0 |    686 |   2 |  462.0 |
               +--------+--------+--------+--------+--------+-----+--------+

Top non-repeatable levels by time:
     D:1: 792 daAuts
     D:2: 131 daAuts
